 Dungeon Crawl Stone Soup version 0.30.0-5-g1a98f26d00 (webtiles) character file.

Game seed: 4521087157224925200

234 sampeng1 the Insei (level 6, -9/46 HPs)
             Began as a Human Transmuter on May 11, 2023.
             Mangled by a gnoll
             ... wielding a +2 flail of draining
              (11 damage)
             ... on level 5 of the Dungeon on May 12, 2023.
             The game lasted 00:18:20 (3491 turns).

sampeng1 the Insei (Human Transmuter)               Turns: 3491, Time: 00:18:20

Health: -9/46      AC:  2    Str: 13    XL:     6   Next: 26%
Magic:  7/10       EV: 13    Int: 13    God:
Gold:   253        SH:  0    Dex: 13    Spells: 8/11 levels left

rFire   . .          .
                       - Unarmed
rCold   . . .        (no shield)
rNeg    + . .        a - +0 robe
rPois   .            (helmet currently unavailable)
rElec   .            (no cloak)
rCorr   .            (no gloves)
SInv    .            (boots currently unavailable)
Will    .....        f - amulet of regeneration
Stlth   +            k - ring of positive energy
HPRegen 1.07/turn    (no ring)
MPRegen 0.12/turn

%: no passive effects
@: appendages (expiring), wereblooded
A: horns 2, talons 2
a: End Transformation


You were on level 5 of the Dungeon.
You had temporarily grown beastly horns and talons.
You visited 1 branch of the dungeon, and saw 5 of its levels.

You collected 253 gold pieces.

Inventory:

Hand Weapons
 g - a +1 sling of freezing
 m - a +0 sling
Missiles
 n - 27 stones
Armour
 a - a +0 robe (worn)
 c - an orb of guile
Jewellery
 f - an amulet of regeneration (around neck)
 h - an amulet of magic regeneration
 k - a ring of positive energy (left hand)
 q - an amulet of the acrobat
 r - an amulet of guardian spirit
Wands
 p - a wand of polymorph (13)
Scrolls
 j - a scroll of teleportation (quivered)
 l - a scroll of immolation
 o - a scroll of amnesia {unknown}
 s - a scroll of identify
Potions
 b - 2 potions of lignification
 d - 3 potions of heal wounds
 e - a potion of brilliance
 i - a potion of cancellation
 t - a potion of resistance


   Skills:
 + Level 2.6 Fighting
 + Level 3.1 Dodging
 + Level 4.0 Unarmed Combat
 + Level 3.0 Spellcasting
 + Level 3.1 Transmutations


You had 8 spell levels left.
You knew the following spells:

 Your Spells              Type           Power      Damage    Failure   Level
a - Beastly Appendage     Tmut           20%        N/A       6%          1
b - Wereblood             Tmut           10%        N/A       10%         2

Your spell library contained the following spells:

 Spells                   Type           Power      Damage    Failure   Level
 Scorch                   Fire           2%         2d5       34%         2
 Spider Form              Tmut/Pois      6%         N/A       34%         3
 Inner Flame              Hex/Fire       1%         N/A       56%         3
 Ice Form                 Ice/Tmut       6%         N/A       75%         4
 Flame Wave               Conj/Fire      1%         2d4       92%         4
 Sticky Flame             Conj/Fire      1%         2d3       92%         4
 Alistair's Intoxication  Tmut/Pois      4%         N/A       97%         5
 Yara's Violent Unravell  Hex/Tmut       3%         3d4       97%         5
 Borgnjor's Vile Clutch   Necr/Erth      0%         N/A       99%         5
 Eringya's Noxious Bog    Tmut/Pois      3%         N/A       100%        6
 Summon Cactus Giant      Summ           0%         N/A       100%        6
 Enfeeble                 Hex            0%         N/A       100%        7


Dungeon Overview and Level Annotations

Branches:
Dungeon (5/15)
 Temple: D:4-7

Altars:
Fedhas
Zin


Innate Abilities, Weirdness & Mutations

You have temporarily grown beastly horns and talons.


Message History

A gnoll comes into view. It is wielding a +0 spear.
Casting: Beastly Appendage (safe; 6% risk of failure)
Confirm with . or Enter, or press ? or * to list all spells.
Your blood is infused with primal strength.
The hound completely misses you.
A lemure comes into view.
You hit the hound. Your kick misses the hound. Your headbutt misses the hound.
The hound is moderately wounded.
The hound bites you.
A water moccasin comes into view.
The gnoll barely misses you. The gnoll hits you with a +0 flail!
A hound comes into view.
The hound bites you.
You barely miss the hound. Your kick misses the hound.
Your headbutt misses the hound.
The hound is moderately wounded.
The gnoll closely misses you. The hound bites you.
You hit the hound but do no damage. Your headbutt misses the hound.
The hound is moderately wounded.
Your transformation is almost over.
The gnoll hits you from afar with a +0 heavy spear.
The hound bites you. The gnoll hits you with a +0 flail!
* * * LOW HITPOINT WARNING * * *
The gnoll closely misses you.
You hit the gnoll. You headbutt the gnoll.
The gnoll is severely wounded.
The hound stops to sniff the ground.
The hound bites you.
* * * LOW HITPOINT WARNING * * *
The gnoll hits you from afar with a +0 heavy spear.
* * * LOW HITPOINT WARNING * * *
The hound barely misses you. The gnoll hits you with a +0 flail.
* * * LOW HITPOINT WARNING * * *
The gnoll completely misses you.
You closely miss the gnoll. Your kick misses the gnoll.
Your headbutt misses the gnoll.
The gnoll is severely wounded.
The gnoll closely misses you.
The gnoll hits you with a +2 flail of draining!
You die...

#.. #####.. #..
....... # #...
....... ..#...
......#
......##.....
......5o.h.
.....ggg.####
....Sg.@h...#
...............
...............
.....$.........
###############


You could see a water moccasin, a lemure, 2 hounds, 4 gnolls and an orc.

Vanquished Creatures
  A scorpion (D:4)
  An iguana (D:4)
  3 adders
  4 gnolls
  4 dart slugs
  2 orcs (D:3)
  8 ball pythons
  6 endoplasms
  3 giant cockroaches
  4 goblins
  10 hobgoblins
  3 quokkas
  9 bats
  7 frilled lizards
  5 kobolds
  5 rats
75 creatures vanquished.

Notes
Turn   | Place    | Note
-------+----------+-------------------------------------------
     0 | D:1      | sampeng1 the Human Transmuter began the quest for the Orb.
     0 | D:1      | Reached XP level 1. HP: 15/15 MP: 3/3
   144 | D:1      | Reached XP level 2. HP: 20/21 MP: 3/5
   422 | D:1      | Reached XP level 3. HP: 8/26 MP: 4/6
   822 | D:2      | Learned a level 2 spell: Wereblood
   870 | D:2      | Found a faded altar of an unknown god.
   984 | D:2      | Reached XP level 4. HP: 33/33 MP: 7/7
  2019 | D:3      | Reached XP level 5. HP: 23/38 MP: 6/8
  2081 | D:3      | Found a glowing silver altar of Zin.
  2418 | D:3      | Found a blossoming altar of Fedhas.
  2885 | D:4      | Reached XP level 6. HP: 13/46 MP: 7/10
  3141 | D:4      | Reached skill level 4 in Unarmed Combat
  3483 | D:5      | Entered Level 5 of the Dungeon
  3487 | D:5      | Noticed a water moccasin
  3490 | D:5      | HP: 1/46 [gnoll/+0 flail (5)]
  3491 | D:5      | Mangled by a gnoll

Illustrated notes

Levels and vault maps discovered:
D:1:      erik_arrival_cave_to_civilisation [erik_arrival_cave_to_hall],
          layout_rooms, minmay_stone_trees_medium
D:2:      layout_basic, basic_ecumenical_altar
D:3:      layout_loops_corners, general_overflow_altar, zin_treasury, hex_tiny,
          small_statue_intersection, chequers_avenue, grunt_decor_fettered,
          minmay_fractal_squares_gapless_5
D:4:      layout_basic, nicolae_concentric_dashed_squares_mild
D:5:      layout_basic, nicolae_hepliaklqana_hazy_memory, chequers_jeans,
          grunt_ministairs_10, uniq_pikel

Skill      XL: |  1  2  3  4  5  6 |
---------------+-------------------+-----
Fighting       | 2 |  2.6
Dodging        | 3 |  3.1
Transmutations | 3 |  3.1
Spellcasting   | 3 |  3.0
Unarmed Combat | 4 |  4.0

Action                     |  1- 3 |  4- 6 || total
---------------------------+-------+-------++-------
  Melee: Unarmed           |    81 |   171 ||   252
         Headbutt          |     4 |    11 ||    15
         Kick              |     4 |    15 ||    19
         Punch             |     1 |     1 ||     2
   Cast: Beastly Appendage |     4 |    11 ||    15
         Wereblood         |       |     3 ||     3
    Use: Scroll            |       |    10 ||    10
         Potion            |       |     5 ||     5
   Stab: Sleeping          |       |     1 ||     1
 Armour: Robe              |    17 |    20 ||    37
  Dodge: Dodged            |    60 |   118 ||   178
